 Dungeon Crawl Stone Soup version 0.31-a0-1010-g5322dac (webtiles) character file.

Game seed: 975074785142608144

3098 AlternateLiz the Cleaver (level 9, -1/78 HPs)
             Began as a Minotaur Fighter on Nov 16, 2023.
             Was an Elder of Okawaru.
             Slain by a bullfrog (6 damage)
             ... on level 8 of the Dungeon.
             The game lasted 00:17:14 (6804 turns).

AlternateLiz the Cleaver (Minotaur Fighter)         Turns: 6804, Time: 00:17:14

Health: -1/78      AC: 17    Str: 26    XL:     9   Next: 59%
Magic:  8/8        EV:  8    Int:  5    God:    Okawaru [****..]
Gold:   332        SH:  4    Dex:  9    Spells: 8/8 levels left

rFire   . . .        a - +4 war axe (freeze)
rCold   . . .        c - +0 buckler
rNeg    + . .        y - +0 chain mail
rPois   .            (helmet restricted)
rElec   .            q - +2 cloak {Stlth+}
rCorr   .            p - +1 pair of gloves
SInv    .            f - +0 pair of boots
Will    .....        (no amulet) Stlth
                     k - ring of flight
HPRegen 0.33/turn    u - ring of positive energy
MPRegen 0.11/turn

%: no passive effects
@: flying
A: horns 2, retaliatory headbutt
a: Renounce Religion, Heroism, Finesse


You were on level 8 of the Dungeon.
You worshipped Okawaru.
Okawaru was greatly pleased with you.
You visited 1 branch of the dungeon, and saw 8 of its levels.

You collected 332 gold pieces.

Inventory:

Hand Weapons
 a - a +4 war axe of freezing (weapon)
Armour
 c - a +0 buckler (worn)
 f - a +0 pair of boots (worn)
 p - a +1 pair of gloves (worn)
 q - a +2 cloak of stealth (worn)
 y - a +0 chain mail (worn)
Jewellery
 k - a ring of flight (left hand)
 u - a ring of positive energy (right hand)
 v - a ring of protection from cold
Wands
 s - a wand of flame (46)
 x - a wand of acid (21)
Scrolls
 e - 2 scrolls of enchant armour {unknown}
 h - 4 scrolls of noise {unknown}
 i - 2 scrolls of immolation {unknown}
 j - a scroll of vulnerability {unknown}
 m - 4 scrolls of identify {unknown}
 n - a scroll of revelation {unknown}
 t - a scroll of silence {unknown}
 w - a scroll of butterflies {unknown}
 A - 2 scrolls of fog {unknown}
 D - a scroll of teleportation {unknown}
 F - a scroll of amnesia {unknown}
Potions
 b - a potion of attraction {unknown}
 d - 2 potions of might
 g - a potion of degeneration {unknown}
 l - 3 potions of heal wounds {unknown}
 o - a potion of invisibility {unknown}
 r - a potion of mutation {unknown}
 z - a potion of magic {unknown}
 B - a potion of haste {unknown}
 C - a potion of berserk rage {unknown}
 E - a potion of brilliance {unknown}


   Skills:
 + Level 6.9 Fighting
 * Level 13.0 Axes
 + Level 7.4 Armour
 + Level 5.1 Shields


You had 8 spell levels left.
You didn't know any spells.
Your spell library contained the following spells:

 Spells                   Type           Power      Damage    Failure   Level
 Shock                    Conj/Air       0%         1d3       95%         1
 Stone Arrow              Conj/Erth      0%         3d7       100%        3
 Swiftness                Air            0%         N/A       100%        3
 Airstrike                Air            0%         2d(0-16)  100%        4
 Brom's Barrelling Bould  Conj/Erth      0%         2d3       100%        4
 Fireball                 Conj/Fire      0%         3d3       100%        5
 Iskenderun's Battlesphe  Conj           0%         2d6       100%        5
 Conjure Ball Lightning   Conj/Air       0%         3x3d6     100%        6
 Orb of Destruction       Conj           0%         9d5       100%        7
 Lehudib's Crystal Spear  Conj/Erth      0%         10d2      100%        8
 Animate Armour           Summ/Erth      Unusable   N/A       N/A         4

Dungeon Overview and Level Annotations

Branches:
Dungeon (8/15)             Temple (0/1) D:5
   Lair: D:8-11

Altars:
Ashenzari
Kikubaaqudgha
Makhleb
Okawaru
Qazlal
Uskayaw

Shops:
D:1 *


Innate Abilities, Weirdness & Mutations

You have a pair of horns on your head.
You reflexively headbutt those who attack you in melee.


Message History

You hit the gnoll sergeant. You freeze the gnoll sergeant.
Your headbutt misses the gnoll sergeant.
The gnoll sergeant is moderately wounded.
The gnoll sergeant hits you but does no damage.
The electric eel shoots out a bolt of lightning at you!
The bolt of electricity hits the bullfrog.
The bolt of electricity hits you! x2
The gnoll sergeant hits you from afar with a +0 trident!
* * * LOW HITPOINT WARNING * * *
The electric eel shoots out a bolt of lightning at you!
The bolt of electricity hits you.
* * * LOW HITPOINT WARNING * * *
The bullfrog attacks as it pursues you! The bullfrog hits you.
* * * LOW HITPOINT WARNING * * *
The gnoll sergeant throws a stone.
The stone hits you but does no damage.
The bullfrog hits you but does no damage.
The bullfrog closely misses you.
The bullfrog swells and bulges.
The gnoll sergeant throws a stone.
The stone hits you but does no damage. The bullfrog hits you.
* * * LOW HITPOINT WARNING * * *
The bullfrog hits you but does no damage.
The bullfrog attacks as it pursues you! The bullfrog barely misses you.
The bullfrog hits you but does no damage.
The bullfrog hits you but does no damage.
The bullfrog attacks as it pursues you! You block the bullfrog's attack.
The bullfrog hits you but does no damage.
The bullfrog attacks as it pursues you! You block the bullfrog's attack.
The bullfrog hits you!
* * * LOW HITPOINT WARNING * * *
The bullfrog attacks as it pursues you! The bullfrog barely misses you.
The bullfrog hits you but does no damage.
Things that are here:
a +0 trident of venom; a +0 robe The bullfrog barely misses you.
You furiously retaliate!
You headbutt the bullfrog.
Things that are here:
a +0 halberd; a gnoll corpse The bullfrog attacks as it pursues you!
The bullfrog hits you.
You die...

### #<# #)# #)# #.# #@#
#F# #)# #.# #.# #g# ####
#######.############....
.................).)....
#######.###########.....


You could see a gnoll sergeant and a bullfrog.

Vanquished Creatures
  Grinder (D:4)
  A steam dragon (D:7)
  Menkaure (D:7)
  3 sky beasts
  2 ice beasts
  3 ogres
  A centaur (D:5)
  2 kobold brigands (D:7)
  Blork the orc (D:5)
  A scorpion (D:6)
  12 wights
  5 killer bees (D:7)
  2 howler monkeys (D:7)
  4 hounds
  3 jellies
  2 orc priests
  3 iguanas
  A sleepcap (D:6)
  2 orc wizards
  Robin (D:4)
  3 gnolls (D:8)
  10 adders
  A shadow imp (D:5)
  A white imp (D:7)
  2 worms
  A dart slug (D:1)
  12 orcs
  9 bats
  8 endoplasms
  4 giant cockroaches
  10 hobgoblins
  14 kobolds
  6 quokkas
  5 ball pythons
  A frilled lizard (D:1)
  9 goblins
  2 rats
149 creatures vanquished.

Notes
Turn   | Place    | Note
-------+----------+-------------------------------------------
     0 | D:1      | AlternateLiz the Minotaur Fighter began the quest for the
                  | Orb.
     0 | D:1      | Reached XP level 1. HP: 19/19 MP: 0/0
   219 | D:1      | Found Mypaix Moug's Assorted Antiques.
   262 | D:1      | Reached XP level 2. HP: 27/27 MP: 1/1
   624 | D:2      | Reached skill level 3 in Axes
   757 | D:2      | Reached XP level 3. HP: 33/33 MP: 2/2
  1480 | D:3      | Found a faded altar of an unknown god.
  1564 | D:3      | Found an iron altar of Okawaru.
  1569 | D:3      | Became a worshipper of Warmaster Okawaru
  1747 | D:3      | Found a broken altar of Ashenzari.
  1751 | D:3      | Reached XP level 4. HP: 40/40 MP: 3/3
  1753 | D:3      | Reached skill level 4 in Axes
  2456 | D:4      | Reached skill level 5 in Axes
  2487 | D:4      | Noticed Robin
  2520 | D:4      | Reached XP level 5. HP: 45/46 MP: 4/4
  2522 | D:4      | Killed Robin
  2601 | D:4      | Found a hide-covered altar of Uskayaw.
  2704 | D:4      | Noticed Grinder
  2716 | D:4      | Paralysed by Grinder for 5 turns
  2724 | D:4      | Paralysed by Grinder for 2 turns
  2727 | D:4      | Killed Grinder
  2727 | D:4      | Reached * piety under Okawaru
  2728 | D:4      | Reached skill level 7 in Axes
  2728 | D:4      | Reached XP level 6. HP: 31/53 MP: 5/5
  3029 | D:5      | Entered Level 5 of the Dungeon
  3035 | D:5      | Found a stormy altar of Qazlal.
  3035 | D:5      | Noticed a sky beast
  3054 | D:5      | Killed a sky beast
  3083 | D:5      | Reached XP level 7. HP: 41/60 MP: 6/6
  3150 | D:5      | Noticed Blork the orc
  3158 | D:5      | Killed Blork the orc
  3158 | D:5      | Reached ** piety under Okawaru
  3159 | D:5      | Reached skill level 8 in Axes
  3159 | D:5      | Reached skill level 5 in Armour
  3320 | D:5      | Found a burning altar of Makhleb.
  3534 | D:5      | Found an ancient bone altar of Kikubaaqudgha.
  3675 | D:5      | Reached skill level 9 in Axes
  3876 | D:5      | Reached skill level 5 in Fighting
  3971 | D:5      | Found a staircase to the Ecumenical Temple.
  4399 | D:6      | Reached XP level 8. HP: 67/68 MP: 7/7
  4413 | D:6      | Reached *** piety under Okawaru
  4471 | D:5      | Reached skill level 10 in Axes
  5093 | D:6      | Reached skill level 11 in Axes
  5400 | D:7      | Reached **** piety under Okawaru
  5667 | D:7      | Reached XP level 9. HP: 73/75 MP: 8/8
  5718 | D:7      | Reached skill level 5 in Shields
  5852 | D:7      | Reached skill level 12 in Axes
  6178 | D:7      | Noticed Menkaure
  6184 | D:7      | Killed Menkaure
  6780 | D:8      | Reached skill level 13 in Axes
  6799 | D:8      | HP: 3/78 [bullfrog (7)]
  6804 | D:8      | Slain by a bullfrog

Illustrated notes

Levels and vault maps discovered:
D:1:      psy_arrival_terrarium, layout_basic, serial_shops, shop, minivault_24
D:2:      layout_loops_ring, hex_large
D:3:      layout_loops_ring, general_overflow_altar,
          mainiacjoe_overflow_cross_hatched, dreamdust_ecumenical_altar_grove,
          kennysheep_small_spiral, chequers_serial_rivers_micro_b
D:4:      layout_loops_cross, nicolae_uskayaw_suspiria, minmay_misc_feat_square,
          uniq_robin, uniq_grinder
D:5:      kennysheep_spiral_hall, layout_loops_corners,
          nicolae_qazlal_beasts_of_the_sky, kiku_gazebo_garden_becter,
          mainiacjoe_overflow_tiny_flanked, temple_green, uniq_blork_the_orc
D:6:      layout_rooms
D:7:      layout_basic, uniq_menkaure
D:8:      layout_basic, nicolae_overflow_squiral,
          chequers_serial_rivers_micro_b, kennysheep_big_empty_room, uniq_erica

Skill      XL: |  1  2  3  4  5  6  7  8  9 |
---------------+----------------------------+-----
Fighting       | 4 5 6 |  6.9
Axes           | 3 5 7 9 11 13 | 13.0
Armour         | 4 5 6 7 |  7.4
Shields        | 4 5 |  5.1

Action                     |  1- 3 |  4- 6 |  7- 9 || total
---------------------------+-------+-------+-------++-------
  Melee: War axe           |    78 |    90 |   214 ||   382
         Headbutt          |     6 |    12 |    31 ||    49
 Armour: Scale mail        |    45 |    47 |       ||    92
         Chain mail        |       |    39 |   173 ||   212
  Dodge: Dodged            |    35 |    52 |    68 ||   155
  Block: Buckler           |    10 |    24 |    34 ||    68

Table legend: (Time is in decaauts)
 A = Elapsed time spent in this place.
 B = Non-inter-level travel time spent in this place.
 C = Inter-level travel time spent in this place.
 D = Time resting spent in this place.
 E = Time spent auto-exploring this place.
 F = Levels seen in this place.
 G = Mean time per level.
                   A        B        C        D        E       F      G
               +--------+--------+--------+--------+--------+-----+--------+
         Total |   6861 |   6477 |    384 |    736 |   4672 |   8 |  857.6 |
       Dungeon |   6861 |   6477 |    384 |    736 |   4672 |   8 |  857.6 |
               +--------+--------+--------+--------+--------+-----+--------+

Top non-repeatable levels by time:
     D:5: 1643 daAuts
     D:7: 1241 daAuts
     D:4: 914 daAuts
     D:3: 808 daAuts
     D:2: 776 daAuts
     D:6: 706 daAuts
     D:1: 627 daAuts
     D:8: 144 daAuts
